 Dungeon Crawl Stone Soup version 0.30-a0-919-g9323dee000 (webtiles) character file.

Game seed: 4607055872172411848

2 Gut the Ducker (level 1, -1/16 HPs)
             Began as a Vampire Gladiator on Mar 21, 2023.
             Slain by a quokka (3 damage)
             ... on level 2 of the Dungeon.
             The game lasted 00:01:52 (89 turns).

Gut the Ducker (Vampire Gladiator)                    Turns: 89, Time: 00:01:53

Health: -1/16      AC:  4    Str: 13    XL:     1   Next: 25%
Magic:  1/1        EV: 12    Int: 10    God:
Gold:   12         SH:  0    Dex: 15    Spells: 0/0 levels left

rFire   . . .      SeeInvis +    a - +0 rapier
rCold   . . .      Faith    .    (no shield)
rNeg    . . .      Spirit   .    b - +0 leather armour
rPois   .          Reflect  .    c - +0 helmet
rElec   .          Rampage  .    (no cloak)
rCorr   .                        (no gloves)
Will    .....                    (no boots)
Stlth   +                        (no amulet)
HPRegen 0.42/turn                (no ring)
MPRegen 0.07/turn                (no ring)

@: healing quickly
A: alive, fangs 3, see invisible, vampiric 1
a: Exsanguinate


You were on level 2 of the Dungeon.
You visited 1 branch of the dungeon, and saw 2 of its levels.

You collected 12 gold pieces.

Inventory:

Hand Weapons
 a - a +0 rapier (weapon)
Missiles
 d - 3 throwing nets (quivered)
 e - a javelin
Armour
 b - a +0 leather armour (worn)
 c - a +0 helmet (worn)
Scrolls
 f - a scroll of poison {unknown}
 g - a scroll of amnesia {unknown}
 h - 3 scrolls of fog {unknown}
 i - a scroll of vulnerability {unknown}


   Skills:
 + Level 1.7 Fighting
 + Level 3.3 Short Blades
 + Level 1.6 Throwing
 + Level 3.3 Dodging


You couldn't memorise any spells.
You didn't know any spells.
Your spell library was empty.

Dungeon Overview and Level Annotations

Branches:
Dungeon (2/15)

Altars:


Innate Abilities, Weirdness & Mutations

Your natural rate of healing is accelerated.
You have razor-sharp teeth.
You have supernaturally acute eyesight. (SInv)
You are afflicted with vampirism.


Message History

You hit the bat.
The bat is moderately wounded.
The bat hits you but does no damage. x2; The quokka closely misses you.
You miss the bat.
The bat is moderately wounded.
The bat hits you but does no damage. The quokka barely misses you.
The bat hits you. The bat barely misses you. The bat hits you.
The bat hits you but does no damage.
You miss the bat.
The bat is moderately wounded.
The bat closely misses you. The bat hits you but does no damage.
The quokka closely misses you.
An endoplasm comes into view.
The bat hits you. The dart slug launches a dart at you. The slug dart hits you.
The quokka barely misses you.
The endoplasm quivers.
The bat hits you but does no damage. The quokka closely misses you.
The bat closely misses you. The bat barely misses you.
The bat closely misses you. x2
You see here a scroll labelled GOJEICL TIRI.
The bat closely misses you. The dart slug launches a dart at you.
The slug dart misses you.
You hit the bat.
You kill the bat!
The bat hits you but does no damage. The quokka bites you. x2
The bat hits you but does no damage.
The quokka bites you but does no damage.
The endoplasm freezes you.
You are frozen.
The dart slug launches a dart at you. The slug dart hits you.
* * * LOW HITPOINT WARNING * * *
The bat misses you. The endoplasm misses you.
You see here 7 gold pieces.
The quokka attacks as you move away! The quokka bites you.
You die...

..... ....
...#### .....#
.....#####
#.......#
#.......#
+J@b....#
#.rw....######
#?...........#
##...........#
###.........#
#####.....#
#...### #!..##
#..).#


You could see a dart slug, an endoplasm, a quokka and a bat.

Vanquished Creatures
  A bat (D:2)
  A ball python (D:2)
2 creatures vanquished.

Notes
Turn   | Place    | Note
-------+----------+-------------------------------------------
     0 | D:1      | Gut the Vampire Gladiator began the quest for the Orb.
     0 | D:1      | Reached XP level 1. HP: 16/16 MP: 1/1
    26 | D:1      | You fall into a shaft and drop 1 floor!
    89 | D:2      | Slain by a quokka

Illustrated notes

Levels and vault maps discovered:
D:1:      psy_arrival_dodecagon, layout_rooms
D:2:      layout_basic

Action                     || total
---------------------------++-------
  Melee: Rapier            ||     5
 Armour: Leather armour    ||    20
  Dodge: Dodged            ||    31

Table legend: (Time is in decaauts)
 A = Elapsed time spent in this place.
 B = Non-inter-level travel time spent in this place.
 C = Inter-level travel time spent in this place.
 D = Time resting spent in this place.
 E = Time spent auto-exploring this place.
 F = Levels seen in this place.
 G = Mean time per level.
                   A        B        C        D        E       F      G
               +--------+--------+--------+--------+--------+-----+--------+
         Total |     88 |     88 |      0 |      4 |      0 |   2 |   44.0 |
       Dungeon |     88 |     88 |      0 |      4 |      0 |   2 |   44.0 |
               +--------+--------+--------+--------+--------+-----+--------+

Top non-repeatable levels by time:
     D:2: 62 daAuts
     D:1: 26 daAuts
